 Dungeon Crawl Stone Soup version 0.27-a0-412-g8dd771eca2 (webtiles) character file.

Game seed: 6759409262200172900

3666 wampuh the Transmogrifier (level 9, 0/68 HPs)
             Began as a Pale Draconian Transmuter on Feb 23, 2021.
             Was a Believer of the Shining One.
             Killed by divine providence
             ... invoked by an orc priest
              (14 damage)
             ... on level 9 of the Dungeon.
             The game lasted 00:14:13 (10463 turns).

wampuh the Transmogrifier (DrTm)                   Turns: 10463, Time: 00:14:13

Health: 0/68       AC: 12    Str: 13    XL:     9   Next: 89%
Magic:  22/24      EV: 14    Int: 15    God:    the Shining One [**....]
Gold:   606        SH:  5    Dex: 17    Spells: 4/16 levels left

rFire    . . .     SeeInvis .   z - +11 battleaxe "Nutusk" {vorpal, rElec Dex+4}
rCold    . . .     Faith    .   (shield currently unavailable)
rNeg     + . .     Spirit   .   (armour unavailable)
rPois    .         Reflect  +   (helmet restricted)
rElec    +         Harm     .   (no cloak)
rCorr    .         Rampage  .   (no gloves)
Will     .....                  n - +0 pair of boots
Stlth    +.........             v - amulet of reflection
HPRegen  0.21/turn              j - +4 ring of protection
MPRegen  0.19/turn              r - ring of magical power

@: short of breath, wereblooded, glowing
A: breathe steam, unfitting armour, cold-blooded, AC +7
a: Breathe Steam, Renounce Religion, Divine Shield


You were on level 9 of the Dungeon.
You worshipped the Shining One.
The Shining One was pleased with you.
You visited 1 branch of the dungeon, and saw 9 of its levels.

You collected 606 gold pieces.

Inventory:

Hand Weapons
 z - the +11 battleaxe "Nutusk" (weapon) {vorpal, rElec Dex+4}
   (You found it on level 8 of the Dungeon)

   It inflicts extra damage upon your enemies.
   It affects your dexterity (+4).
   It insulates you from electricity.
Armour
 n - a +0 pair of boots (worn)
Jewellery
 a - an amulet of magic regeneration
 j - a +4 ring of protection (left hand)
 r - a ring of magical power (right hand)
 v - an amulet of reflection (around neck)
Wands
 w - a wand of iceblast (2)
 x - a wand of paralysis (6)
Scrolls
 b - 3 scrolls of amnesia
 c - 3 scrolls of teleportation
 e - 2 scrolls of fear
 i - 2 scrolls of magic mapping
 k - 3 scrolls of enchant armour
 q - a scroll of noise
 s - a scroll of fog
 u - 2 scrolls of random uselessness
 y - a scroll of enchant weapon
 B - a scroll of blinking
Potions
 d - a potion of attraction
 f - 2 potions of heal wounds
 g - 2 potions of curing
 h - a potion of magic
 l - a potion of lignification
 m - 3 potions of flight
 o - 2 potions of brilliance
 p - 2 potions of invisibility
 t - a potion of berserk rage
 A - 2 potions of degeneration {unknown}


   Skills:
 + Level 2.5 Fighting
 * Level 1.9 Axes
 + Level 3.6 Dodging
 - Level 8.1 Unarmed Combat
 - Level 4.0 Spellcasting
 - Level 8.2 Transmutations
 - Level 7.1 Air Magic


You had 4 spell levels left.
You knew the following spells:

 Your Spells              Type           Power        Failure   Level
a - Beastly Appendage     Tmut           54%          1%          1
b - Wereblood             Tmut           27%          1%          2
c - Airstrike             Air            12%          10%         4
d - Blade Hands           Tmut           13%          17%         5

Your spell library contained the following spells:

 Spells                   Type           Power        Failure   Level
 Swiftness                Air            24%          1%          2
 Shock                    Conj/Air       52%          4%          1
 Spider Form              Tmut/Pois      7%           10%         3
 Static Discharge         Conj/Air       13%          12%         3
 Animate Skeleton         Necr           6%           19%         1
 Apportation              Tloc           6%           19%         1
 Corona                   Hex            3%           19%         1
 Summon Small Mammal      Summ           12%          19%         1
 Ice Form                 Ice/Tmut       15%          32%         4
 Lightning Bolt           Conj/Air       6%           75%         5


Dungeon Overview and Level Annotations

Branches:
Dungeon (9/15)             Temple (0/1) D:6            Lair (0/6) D:9
    Orc: D:9-12

Altars:
Cheibriados
Dithmenos
Elyvilon
Fedhas
Gozag
Makhleb
Okawaru
Qazlal
Trog
Yredelemnul
The Shining One

Shops:
D:4 *   D:5 (


Innate Abilities, Weirdness & Mutations

You can breathe blasts of scalding, opaque steam.
Your pale cyan-grey scales are hard. (AC +7)
You cannot fit into any form of body armour.
You are cold-blooded and may be slowed by cold attacks.


Message History

You hit the orc warrior.
The orc warrior is heavily wounded.
You hit the orc but do no damage. The orc barely misses you.
You block the orc warrior's attack. The orc closely misses you.
You hit the orc warrior but do no damage.
The orc warrior is heavily wounded.
You hit the orc.
The orc warrior hits you with a +0 war axe!
The orc closely misses you.
The orc warrior hits you with a +0 war axe!
The orc priest begins to cast a cantrip, but forgets the words!
The orc priest calls upon Beogh to heal the orc warrior.
The orc warrior is healed somewhat.
The orc priest calls upon Beogh to heal the orc warrior.
The orc warrior is healed somewhat.
Press: ? - help, Shift-Dir - straight line, f - orc warrior
Aim: an orc warrior, wielding a +0 war axe and wearing a +0 plate armour (lightly wounded, haloed)
You exhale a blast of scalding steam.
The ball of steam hits the orc.
The orc is almost dead.
The ball of steam hits the orc warrior.
The orc warrior is moderately wounded.
The orc warrior is engulfed in a cloud of scalding steam.
The orc hits you but does no damage.
You hit the orc warrior.
You tail-slap the orc warrior, but do no damage.
The orc warrior is severely wounded.
You slash the orc!
You kill the orc!
The orc warrior is engulfed in a cloud of scalding steam.
The orc warrior hits you with a +0 war axe!
* * * LOW HITPOINT WARNING * * *
The orc priest is engulfed in a cloud of scalding steam.
The orc warrior is engulfed in a cloud of scalding steam.
The orc warrior misses you.
Casting: Beastly Appendage (safe; 1% risk of failure)
Confirm with . or Enter, or press ? or * to list all spells.
Your blood is infused with primal strength.
The orc priest mumbles some strange prayers to Beogh against you.
Beogh smites you!
You die...

##################
...)...@o§.......
##....##o.§......
.##......§.)###..
.........§........
............#############
.....##.....#......##....
.....##..##.#......##....
.........##.#......##....
............#......##....


You could see an orc warrior and an orc priest.

Vanquished Creatures
  Joseph (D:7)
  Maggie (D:7)
  Grinder (D:6)
  A water moccasin (D:7)
  2 black bears (D:6)
  2 orc warriors
  2 ice beasts
  A necrophage (D:5)
  A sky beast (D:7)
  3 ogres
  A phantom (D:8)
  3 centaurs
  A kobold brigand (D:8)
  3 bullfrogs
  3 scorpions
  A bullfrog zombie (D:6)
  3 hounds
  2 jellies (D:7)
  7 orc priests
  3 bullfrog skeletons
  A centaur skeleton (D:3)
  An iguana (D:7)
  7 orc wizards
  A worker ant (D:5)
  A howler monkey zombie (D:8)
  5 gnolls
  A howler monkey skeleton (D:5)
  7 adders
  2 shadow imps
  4 white imps
  An ufetubus (D:7)
  4 oozes
  3 adder zombies
  An adder skeleton (D:5)
  2 dart slugs
  6 leopard geckos
  21 orcs
  15 bats
  9 giant cockroaches
  8 goblins
  11 hobgoblins
  11 jackals
  5 quokkas
  A ball python zombie (D:4)
  7 frilled lizards
  15 kobolds
  A quokka skeleton (D:5)
  3 rats
196 creatures vanquished.

Notes
Turn   | Place    | Note
-------+----------+-------------------------------------------
     0 | D:1      | wampuh the Draconian Transmuter began the quest for the
                  | Orb.
     0 | D:1      | Reached XP level 1. HP: 16/16 MP: 3/3
   335 | D:1      | Reached XP level 2. HP: 23/23 MP: 3/5
   525 | D:1      | Reached XP level 3. HP: 17/28 MP: 4/6
  1171 | D:1      | Learned a level 2 spell: Wereblood
  1719 | D:2      | Reached XP level 4. HP: 36/36 MP: 5/7
  1889 | D:2      | Found an iron altar of Okawaru.
  2745 | D:3      | Reached XP level 5. HP: 24/41 MP: 6/8
  3088 | D:3      | Found a white marble altar of Elyvilon.
  3174 | D:3      | Found an opulent altar of Gozag.
  3356 | D:3      | Reached XP level 6. HP: 26/48 MP: 10/10
  4228 | D:4      | Found a glowing golden altar of the Shining One.
  4233 | D:4      | Found Emicot's Lightly-Used Armoury.
  4234 | D:4      | Became a worshipper of the Shining One
  4673 | D:4      | Found a bloodstained altar of Trog.
  4698 | D:5      | Entered Level 5 of the Dungeon
  4698 | D:5      | Found Ydis's Antique Weapon Boutique.
  5330 | D:5      | Noticed an ice beast
  5349 | D:5      | Killed an ice beast
  5350 | D:5      | Your scales start taking on a pale cyan-grey colour.
  5350 | D:5      | Reached XP level 7. HP: 23/55 MP: 12/12
  5663 | D:5      | Learned a level 4 spell: Airstrike
  5668 | D:5      | Reached * piety under the Shining One
  5719 | D:5      | Reached skill level 5 in Unarmed Combat
  5960 | D:6      | Noticed Grinder
  5965 | D:6      | Paralysed by Grinder for 6 turns
  5975 | D:6      | Killed Grinder
  5976 | D:6      | Reached skill level 5 in Transmutations
  5976 | D:6      | Reached skill level 1 in Air Magic
  6539 | D:6      | Reached XP level 8. HP: 57/61 MP: 14/14
  6591 | D:6      | Found a bloodstained altar of Trog.
  6645 | D:6      | Found a staircase to the Ecumenical Temple.
  7184 | D:6      | Learned a level 5 spell: Blade Hands
  7352 | D:7      | Noticed Maggie
  7395 | D:7      | Killed Maggie
  7622 | D:7      | Reached skill level 5 in Air Magic
  7646 | D:7      | Reached XP level 9. HP: 53/67 MP: 15/15
  8450 | D:7      | Found a snail-covered altar of Cheibriados.
  8594 | D:7      | Found a basalt altar of Yredelemnul.
  8609 | D:7      | Found a blossoming altar of Fedhas.
  8620 | D:7      | Found a burning altar of Makhleb.
  8747 | D:7      | Reached ** piety under the Shining One
  9103 | D:7      | Noticed Joseph
  9117 | D:7      | Killed Joseph
  9860 | D:8      | Got a slimy battleaxe
  9861 | D:8      | Identified the +11 battleaxe "Nutusk" {vorpal, rElec Dex+4}
                  | (You found it on level 8 of the Dungeon)
 10101 | D:8      | Reached skill level 1 in Axes
 10175 | D:8      | Found a stormy altar of Qazlal.
 10277 | D:9      | Found a shadowy altar of Dithmenos.
 10316 | D:9      | Found a staircase to the Lair.
 10463 | D:9      | Killed from afar by an orc priest

Illustrated notes

Levels and vault maps discovered:
D:1:      lemuel_arrival_hallway, layout_basic
D:2:      layout_basic, okawaru_ov_weapons_minmay
D:3:      layout_basic, elyvilon_altar_4, grunt_gozag_statues, serial_aquarium,
          aquarium_bridge_long_separate [aquarium_subvault_bridge,
          aquarium_subvault_wall, aquarium_subvault_bridge,
          aquarium_subvault_wall, aquarium_subvault_wall,
          aquarium_subvault_bridge], aquarium_window_corridor_1,
          aquarium_window_2, aquarium_window_1, aquarium_view_2e,
          aquarium_balcony_5a, aquarium_pool_2
D:4:      layout_loops_ring, lightli_temple_of_fire, old_standard_altar,
          minivault_23, minmay_shop_damaged
D:5:      minmay_chambers_of_threes, layout_loops_ring, serial_shops,
          nicolae_shop_overgrown_old_shop
D:6:      layout_basic, minmay_temple_entry_butterflies, trog_ov_bears_minmay,
          uniq_grinder
D:7:      minmay_chambers_of_fours, layout_loops_ring,
          nicolae_overflow_quartered_altars, minmay_circle_x, uniq_maggie,
          uniq_joseph
D:8:      layout_basic, basic_altar, dk_noncrumbling_4
D:9:      layout_stronghold, nicolae_dithmenos_the_darkroom, dpeg_oklobed_lair,
          chequers_hall_statues_corner_a

Skill      XL: |  1  2  3  4  5  6  7  8  9 |
---------------+----------------------------+-----
Dodging        | 2 3 |  3.6
Fighting       | 2 |  2.5
Unarmed Combat | 4 5 7 8 |  8.1
Transmutations | 3 4 5 6 8 |  8.2
Spellcasting   | 3 4 |  4.0
Air Magic      | 2 5 7 |  7.1
Axes           | 1 |  1.9

Action                   |  1- 3 |  4- 6 |  7- 9 || total
-------------------------+-------+-------+-------++-------
Melee: Unarmed           |   126 |   177 |   235 ||   538
       Headbutt          |    12 |    27 |    29 ||    68
       Kick              |    16 |    40 |    57 ||   113
       Tailslap          |    11 |    10 |    27 ||    48
       Punch             |       |     2 |     8 ||    10
       Battleaxe         |       |       |    28 ||    28
 Cast: Beastly Appendage |    34 |    29 |    41 ||   104
       Wereblood         |     1 |     2 |     3 ||     6
 Abil: Breathe Steam     |       |       |    12 ||    12
  Use: Potion            |       |     3 |     5 ||     8
       Scroll            |       |       |    13 ||    13
Armor: Skin              |    62 |    76 |    74 ||   212
Dodge: Dodged            |   100 |   116 |   136 ||   352
Block: Other             |       |       |    16 ||    16
       Reflection        |       |       |     1 ||     1

Table legend: (Time is in decaauts)
 A = Elapsed time spent in this place.
 B = Non-inter-level travel time spent in this place.
 C = Inter-level travel time spent in this place.
 D = Time resting spent in this place.
 E = Time spent auto-exploring this place.
 F = Levels seen in this place.
 G = Mean time per level.
                   A        B        C        D        E       F      G
               +--------+--------+--------+--------+--------+-----+--------+
         Total |  10445 |  10175 |    270 |   2523 |   6339 |   9 | 1160.6 |
       Dungeon |  10445 |  10175 |    270 |   2523 |   6339 |   9 | 1160.6 |
               +--------+--------+--------+--------+--------+-----+--------+

Top non-repeatable levels by time:
     D:7: 2096 daAuts
     D:3: 1463 daAuts
     D:2: 1387 daAuts
     D:6: 1374 daAuts
     D:5: 1227 daAuts
     D:1: 1206 daAuts
     D:8: 822 daAuts
     D:4: 638 daAuts
     D:9: 230 daAuts
